 Dungeon Crawl Stone Soup version 0.28-a0-1130-gc51a68064b (webtiles) character file.

Game seed: 17035906270987189759

9 RancidPinata the Sneak (level 2, -5/19 HPs)
             Began as a Gargoyle Delver on Dec 12, 2021.
             Slain by a bullfrog skeleton (6 damage)
             ... on level 5 of the Dungeon.
             The game lasted 00:02:48 (313 turns).

RancidPinata the Sneak (Gargoyle Delver)             Turns: 313, Time: 00:02:49

Health: -5/19      AC:  8    Str: 15    XL:     2   Next: 12%
Magic:  2/2        EV: 10    Int: 10    God:
Gold:   47         SH:  3    Dex: 11    Spells: 1/1 levels left

rFire   . . .      SeeInvis .   a - +0 mace
rCold   . . .      Faith    .   b - +0 buckler
rNeg    + . .      Spirit   .   i - +0 ring mail
rPois   ∞          Reflect  .   (no helmet)
rElec   +          Harm     .   n - +0 cloak
rCorr   .          Rampage  .   (no gloves)
Will    .....                   (no boots)
Stlth   ++........              (no amulet)
HPRegen 0.06/turn               (no ring)
MPRegen 0.08/turn               (no ring)

@: no status effects
A: sickness immunity, AC +2, negative energy resistance 1, electricity
resistance, torment resistance 1, petrification resistance
a: no special abilities


You were on level 5 of the Dungeon.
You visited 1 branch of the dungeon, and saw 3 of its levels.

You collected 47 gold pieces.

Inventory:

Hand Weapons
 a - a +0 mace (weapon)
Missiles
 h - 41 arrows
 l - 16 stones (quivered)
 m - 17 bolts
Armour
 b - a +0 buckler (worn)
 i - a +0 ring mail (worn)
 n - a +0 cloak (worn)
Wands
 g - a wand of digging (3)
 k - a wand of mindburst (22)
Scrolls
 c - a scroll of fog
 d - a scroll of magic mapping
 e - a scroll of fear
Potions
 f - a potion of haste
 j - a potion of heal wounds {unknown}


   Skills:
 * Level 3.5 Fighting
 + Level 2.1 Maces & Flails
 + Level 0.3 Armour
 + Level 1.6 Dodging
 + Level 5.5 Stealth
 + Level 0.5 Shields


You had one spell level left.
You didn't know any spells.
Your spell library contained the following spells:

 Spells                   Type           Power      Damage    Failure   Level
 Slow                     Hex            0%         N/A       75%         1
 Confusing Touch          Hex            0%         N/A       98%         3
 Vampiric Draining        Necr           0%         2d6       98%         3


Dungeon Overview and Level Annotations

Branches:
Dungeon (7/15)
 Temple: D:4-7

Altars:

Annotations:
D:7 2 runed translucent doors, fragbeetle's ghost, novice MfTm


Innate Abilities, Weirdness & Mutations

You are immune to sickness and miasma.
Your stone body is resilient. (AC +2)
You are immune to poison.
You resist negative energy. (rN+)
You are resistant to electric shocks. (rElec)
You are resistant to unholy torment.
You are immune to petrification.


Message History

You closely miss the adder.
The adder is heavily wounded.
The adder closely misses you. You block the adder's attack.
You hit the adder but do no damage.
The adder is heavily wounded.
The adder barely misses you.
You hit the adder.
The adder is heavily wounded.
The adder bites you but does no damage. x2
You closely miss the adder.
The adder is heavily wounded.
The adder bites you but does no damage. You block the adder's attack.
You hit the adder.
The adder is severely wounded.
The adder bites you but does no damage. The adder bites you.
You hit the adder.
The adder is almost dead.
The adder bites you but does no damage.
You closely miss the adder.
The adder is almost dead.
The adder barely misses you. The adder bites you.
A quokka comes into view.
You hear the brisk rusting of a distant drain.
The adder bites you.
* * * LOW HITPOINT WARNING * * *
You sock the adder!
You kill the adder!
You have reached level 2!
You hit the bullfrog skeleton.
The bullfrog skeleton is lightly damaged.
The bullfrog skeleton hits you.
* * * LOW HITPOINT WARNING * * *
You hit the bullfrog skeleton.
The bullfrog skeleton is lightly damaged.
You block the bullfrog skeleton's attack.
The bullfrog skeleton hits you but does no damage.
You sock the bullfrog skeleton!
The bullfrog skeleton is heavily damaged.
The bullfrog skeleton hits you.
You die...

...........###.#...####
...........#
#.#...######
.......[...#
#.#.........
S..........#
#.#.......##
##.######.##
#.#.......# #^ #.#
#r#.......# # #.##
#.#.##....# ###..##
.#Z# ....# #.....##.#@#
....#
#.....##.#.#......
#.....##.#.#......
#.....##.#......
##...............
...................
#######.#..........
#.##.....### ..##.....#


You could see a bullfrog skeleton.

Vanquished Creatures
  An adder (D:5)
1 creature vanquished.

Notes
Turn   | Place    | Note
-------+----------+-------------------------------------------
     0 | D:5      | RancidPinata the Gargoyle Delver began the quest for the
                  | Orb.
     0 | D:5      | Reached XP level 1. HP: 14/14 MP: 1/1
    63 | D:6      | Noticed a water moccasin
    78 | D:7      | Found a large runed translucent door.
    78 | D:7      | Found a large runed translucent door.
    87 | D:7      | Noticed fragbeetle's ghost (novice MfTm)
    97 | D:6      | Noticed a bullfrog
   199 | D:7      | Noticed a jelly
   300 | D:5      | Reached XP level 2. HP: 5/19 MP: 2/2
   313 | D:5      | Slain by a bullfrog skeleton

Illustrated notes

Levels and vault maps discovered:
D:5:      layout_basic, minmay_temple_entry_statues_pillars,
          gup_sewer_entry_pipe
D:6:      layout_basic
D:7:      layout_loops_corners, ebering_ghost_disaster_area

Action                   || total
-------------------------++-------
Melee: Mace              ||    15
Armor: Ring mail         ||     7
Dodge: Dodged            ||     8
Block: Buckler           ||     4

Table legend: (Time is in decaauts)
 A = Elapsed time spent in this place.
 B = Non-inter-level travel time spent in this place.
 C = Inter-level travel time spent in this place.
 D = Time resting spent in this place.
 E = Time spent auto-exploring this place.
 F = Levels seen in this place.
 G = Mean time per level.
                   A        B        C        D        E       F      G
               +--------+--------+--------+--------+--------+-----+--------+
         Total |    319 |    319 |      0 |      0 |      0 |   3 |  106.3 |
       Dungeon |    319 |    319 |      0 |      0 |      0 |   3 |  106.3 |
               +--------+--------+--------+--------+--------+-----+--------+

Top non-repeatable levels by time:
     D:6: 232 daAuts
     D:5: 70 daAuts
     D:7: 16 daAuts
